 Dungeon Crawl Stone Soup version 0.26-a0-712-ga5a9c9c9d0 (webtiles) character file.

Game seed: 18321116635296610339

192 kae the Changer (level 5, 0/33 HPs)
             Began as an Octopode Transmuter on Nov 5, 2020.
             Slain by an orc wizard
             ... wielding a +0 dagger
              (6 damage)
             ... on level 3 of the Dungeon.
             The game lasted 00:02:49 (3672 turns).

kae the Changer (Octopode Transmuter)               Turns: 3672, Time: 00:02:50

Health: 0/33       AC:  2    Str: 11    XL:     5   Next: 71%
Magic:  5/8        EV: 19    Int: 21    God:
Gold:   201        SH:  0    Dex: 17    Spells: 4/8 levels left

rFire    . . .     SeeInvis .     - Unarmed
rCold    . . .     Faith    .   (shield currently unavailable)
rNeg     . . .     Spirit   .   (helmet currently unavailable)
rPois    x         Reflect  .   a - amulet of inaccuracy
rElec    .         Harm     .   f - +6 ring of intelligence
rCorr    .         Rampage  .   o - ring of wizardry
MR       .....                  (no ring)
Stlth    ++........             (no ring)
HPRegen  0.11/turn              (no ring)
MPRegen  0.11/turn              (no ring)
                                (no ring)
                                (no ring)

@: spider-form, flying
A: tiny, almost no armour, stealthy swim, (amphibious), 8 rings, (constrict 8)
a: End Transformation


You were on level 3 of the Dungeon.
You were a venomous arachnid creature.
You visited 1 branch of the dungeon, and saw 3 of its levels.

You collected 201 gold pieces.

Inventory:

Jewellery
 a - an amulet of inaccuracy (around neck)
 f - a +6 ring of intelligence (left front leg)
 o - a ring of wizardry (right front leg)
Scrolls
 b - 2 scrolls of identify
 e - a scroll of enchant armour {unknown}
 j - a scroll of fear {unknown}
 l - 2 scrolls of remove curse
 m - a scroll of teleportation
 p - a scroll of enchant weapon {unknown}
 r - a scroll of blinking {unknown}
Potions
 c - a potion of berserk rage
 d - 2 potions of brilliance
 h - 3 potions of invisibility {unknown}
 i - a potion of might {unknown}
 k - 2 potions of curing {unknown}
 n - a potion of stabbing {unknown}
 q - 2 potions of heal wounds {unknown}


   Skills:
 - Level 1.0 Fighting
 - Level 2.0 Dodging
 + Level 3.9 Unarmed Combat
 + Level 2.1 Spellcasting
 * Level 4.2 Transmutations
 - Level 3.0 Poison Magic


You had 4 spell levels left.
You knew the following spells:

 Your Spells              Type           Power        Failure   Level
a - Beastly Appendage     Tmut           ###...       4%          1
b - Spider Form           Tmut/Pois      ###.......   10%         3

Your spell library contained the following spells:

 Spells                   Type           Power        Failure   Level
 Wereblood                Tmut           ###.....     4%          2
 Ice Form                 Ice/Tmut       ##......     38%         4
 Blade Hands              Tmut           ###.......   43%         5


Dungeon Overview and Level Annotations

Branches:
Dungeon (3/15)

Altars:
Ashenzari
Dithmenos
Ru
Trog
Wu Jian

Annotations:
D:3 1 runed translucent door, Crazy Yiuf


Innate Abilities, Weirdness & Mutations

You cannot wear most types of armour.
You are very stealthy in the water. (Stealth+)
((You are amphibious.))
You can wear up to eight rings at the same time.
((You can use your tentacles to constrict eight enemies at once.))
((Your skin changes colour to match your surroundings (Stealth+).))
((Your rubbery body absorbs attacks. (AC +1, EV +1)))


Message History

Your tentacle spike disappears.
You turn into a venomous arachnid creature.
Something hits you but does no damage.
The orc throws a boomerang.
Something hits you.
You closely miss something. Something hits you.
You miss something. Something hits you but does no damage.
The orc throws a boomerang.
The boomerang hits you.
The weapon returns to the orc!
You miss something. Something hits you.
You closely miss something. Something hits you.
* * * LOW HITPOINT WARNING * * *
The orc throws a boomerang.
The boomerang misses you.
The weapon returns to the orc!
It was a potion of flight.
You feel very buoyant.
You fly up into the air.
Something hits you but does no damage.
The orc throws a boomerang.
The boomerang barely misses you.
The weapon returns to the orc!
You closely miss something. Something hits you.
You die...

#. ##..............
#####.............
#.....<.........##
#.#####........#..
#.#..........#.#..
#.#.#######..#.#..
#.#.#######.......
#.#..........#.#.#
#s############....
#{#...............
####o#.#.#########...
#...o..<...... .....
######)#.#### ####...
......o...........#..#
#######o.............#
#........ .....#
##....######...#


You could see an orc wizard and an orc.

Vanquished Creatures
  Robin (D:2)
  6 adders
  An ooze (D:1)
  3 worms (D:2)
  2 dart slugs (D:1)
  4 leopard geckos
  10 orcs
  5 ball pythons
  2 giant cockroaches
  17 goblins
  10 hobgoblins
  6 jackals (D:2)
  4 kobolds
  3 quokkas (D:2)
  6 bats
  2 frilled lizards
  9 rats
91 creatures vanquished.

Notes
Turn   | Place    | Note
-------+----------+-------------------------------------------
     0 | D:1      | kae the Octopode Transmuter began the quest for the Orb.
     0 | D:1      | Reached XP level 1. HP: 13/13 MP: 3/3
   162 | D:1      | Reached XP level 2. HP: 18/18 MP: 3/5
   353 | D:1      | Reached skill level 3 in Transmutations
   386 | D:1      | Reached XP level 3. HP: 15/23 MP: 4/6
   410 | D:1      | Learned a level 3 spell: Spider Form
  1201 | D:2      | Reached skill level 1 in Poison Magic
  1249 | D:2      | Found a sacrificial altar of Ru.
  1265 | D:2      | Reached XP level 4. HP: 28/28 MP: 5/7
  1278 | D:2      | Noticed Robin
  1289 | D:2      | Killed Robin
  1887 | D:2      | Noticed a moth of wrath
  1890 | D:2      | Found a bloodstained altar of Trog.
  2440 | D:2      | Reached XP level 5. HP: 33/33 MP: 8/8
  3031 | D:3      | Reached skill level 4 in Transmutations
  3269 | D:3      | Found a broken altar of Ashenzari.
  3411 | D:3      | Found a runed translucent door.
  3412 | D:3      | Noticed Crazy Yiuf
  3460 | D:3      | Found an ornate altar of the Wu Jian Council.
  3548 | D:3      | Found a shadowy altar of Dithmenos.
  3672 | D:3      | Slain by an orc wizard

Illustrated notes

Levels and vault maps discovered:
D:1:      dpeg_arrival_signposts, layout_rooms, minmay_shallow_snake_nest
D:2:      layout_loops_ring, tgw_trog, nicolae_ru_path_of_blood, uniq_robin
D:3:      layout_basic, lemuel_coloured_pillars_altar, lemuel_round_altar,
          lemuel_doored_altar, ashenzari_altar_1,
          nicolae_overflow_crystal_walls, uniq_crazy_yiuf_cottage

Skill      XL: |  1  2  3  4  5 |
---------------+----------------+-----
Transmutations | 3 4 |  4.2
Poison Magic   | 1 2 3 |  3.0
Fighting       | |  1.0
Dodging        | |  2.0
Unarmed Combat | |  3.9
Spellcasting   | |  2.1

Action                   |  1- 3 |  4- 6 || total
-------------------------+-------+-------++-------
Melee: Unarmed           |    65 |   151 ||   216
       Constrict         |    16 |    30 ||    46
       Kick              |    15 |    12 ||    27
       Tentacles         |     7 |    14 ||    21
       Punch             |     1 |     3 ||     4
 Cast: Beastly Appendage |    15 |    16 ||    31
       Spider Form       |       |     4 ||     4
 Abil: End Transformatio |     1 |       ||     1
  Use: Scroll            |       |     6 ||     6
       Potion            |       |     1 ||     1
 Stab: Sleeping          |     3 |     3 ||     6
Armor: Skin              |     9 |    12 ||    21
Dodge: Dodged            |    45 |   109 ||   154

Table legend: (Time is in decaauts)
 A = Elapsed time spent in this place.
 B = Non-inter-level travel time spent in this place.
 C = Inter-level travel time spent in this place.
 D = Time resting spent in this place.
 E = Time spent auto-exploring this place.
 F = Levels seen in this place.
 G = Mean time per level.
                   A        B        C        D        E       F      G
               +--------+--------+--------+--------+--------+-----+--------+
         Total |   3656 |   3561 |     95 |    246 |   2743 |   3 | 1218.7 |
       Dungeon |   3656 |   3561 |     95 |    246 |   2743 |   3 | 1218.7 |
               +--------+--------+--------+--------+--------+-----+--------+

Top non-repeatable levels by time:
     D:2: 1816 daAuts
     D:1: 1093 daAuts
     D:3: 747 daAuts
